 Dungeon Crawl Stone Soup version 0.25.0-11-g1f837a76a1 (webtiles) character file.

Game seed: 10592274656979006636

5762 nikku the Fighter (level 10, -1/144 HPs)
             Began as a Minotaur Berserker on June 25, 2020.
             Was an Elder of Trog.
             Slain by a swamp worm (14 damage)
             ... on level 8 of the Dungeon.
             The game lasted 00:22:41 (8208 turns).

nikku the Fighter (Minotaur Berserker)              Turns: 8208, Time: 00:22:42

Health: -1/144     AC: 16    Str: 30    XL:     10   Next: 49%
Magic:  9/9        EV:  7    Int:  4    God:    Trog [****..]
Gold:   253        SH: 12    Dex: 11    Spells: 9/9 levels left

rFire    . . .     SeeInvis .   A - +2 war axe
rCold    . . .     Gourm    .   f - +0 kite shield
rNeg     . . .     Faith    +   l - +0 plate armour
rPois    .         Spirit   .   (helmet restricted)
rElec    .         Reflect  .   b - +1 cloak
rCorr    .         Harm     .   (no gloves)
MR       ++...                  (no boots)
Stlth    ..........             D - amulet of faith
HPRegen  1.34/turn              u - +6 ring of strength
MPRegen  0.11/turn              (no ring)

@: berserking (expiring), regenerating (expiring), quick
A: retaliatory headbutt, horns 2
a: Berserk, Trog's Hand, Brothers in Arms, Renounce Religion


You were on level 8 of the Dungeon.
You worshipped Trog.
Trog was greatly pleased with you.
You were near starving.

You visited 1 branch of the dungeon, and saw 8 of its levels.
You also visited: Ossuary and Bailey.

You collected 481 gold pieces.
You spent 228 gold pieces at shops.

Inventory:

Hand Weapons
 A - a +2 war axe (weapon)
Missiles
 i - 30 poisoned darts (quivered)
 B - 4 curare-tipped darts
 E - 5 silver javelins
Armour
 b - a +1 cloak (worn)
 f - a +0 kite shield (worn)
 l - a +0 plate armour (worn)
 s - the +3 buckler "Poromari" {rF++ rC- Int+2}
   (You bought it in a shop on level 5 of the Dungeon)

   It affects your intelligence (+2).
   It greatly protects you from fire.
   It makes you vulnerable to cold.
 y - a +0 ring mail of cold resistance
Jewellery
 h - an uncursed amulet of reflection
 u - a +6 ring of strength (left hand)
 D - an amulet of faith (around neck)
Wands
 k - a wand of flame (18)
 q - a wand of iceblast (15)
 x - a wand of acid (2)
Scrolls
 a - 3 scrolls of teleportation
 e - 2 scrolls of remove curse
Potions
 d - a potion of magic {unknown}
 g - 3 potions of resistance
 j - 7 potions of curing
 m - 3 potions of ambrosia
 n - 2 potions of heal wounds
 o - 3 potions of might
 p - a potion of lignification {unknown}
 r - 2 potions of mutation
 t - 2 potions of degeneration {unknown}
 v - 4 potions of cancellation
 C - a potion of haste {unknown}
Comestibles
 c - 16 rations


   Skills:
 * Level 11.4 Fighting
 * Level 11.4 Axes
 + Level 8.1 Armour
 - Level 2.1 Dodging
 + Level 7.3 Shields


You had 9 spell levels left.
You didn't know any spells.
Your spell library was empty.

Dungeon Overview and Level Annotations

Branches:
Dungeon (8/15)             Temple (0/1) D:4         Ossuary (visited)
 Bailey (visited)
   Lair: D:8-11

Altars:
Dithmenos
Gozag
Okawaru

Shops:
D:5 *}[


Innate Abilities, Weirdness & Mutations

You reflexively headbutt those who attack you in melee.
You have a pair of horns on your head.


Message History

The swamp worm bites you but does no damage.
You see here a swamp worm corpse.
Your shield and plate armour prevent you from hitting the swamp worm.
The swamp worm is almost dead.
You slash the swamp worm! You block the swamp worm's attack.
The swamp worm bites you!
* * * LOW HITPOINT WARNING * * *
You closely miss the swamp worm.
The swamp worm is almost dead.
You slash the swamp worm!
You kill the swamp worm!
Trog accepts your kill.
You feel the effects of Trog's Hand fading.
The swamp worm bites you!
* * * LOW HITPOINT WARNING * * *
You block the swamp worm's attack.
You see here a swamp worm corpse.
Your unstable footing causes you to fumble your attack.
The swamp worm bites you!
You die...

#......####
###....
#.####....#
### #....8.
#.#≈≈≈†≈#.#...
####......
#.≈≈≈≈≈≈≈.#.#
#.........
#.≈≈PP≈≈≈...#
#.##..8...
#≈≈##≈##≈≈###
#......
#≈≈≈#ww #≈≈≈#
###.... #≈≈
#≈≈ ##≈≈#
#..8. #≈ ≈≈w
#†@## ###....
##≈≈ ##w≈$#
#.....# #≈≈≈.#
#....##
##≈≈..#
#....##
#≈≈..##
####.....#
.≈≈≈≈≈≈≈.##
#..<.....#
.)≈≈≈≈≈..#
#.##.....#
#.......## ..
+.....#
######### ...
#...$.#


You could see a swamp worm.

Vanquished Creatures
  A two-headed ogre (D:8)
  Pikel (D:5)
  Sigmund (D:5)
  A yak (D:7)
  A human (D:7)
  3 hogs (D:7)
  2 swamp worms (D:8)
  2 orc warriors
  A slave (D:5)
  4 ogres
  A crocodile (D:7)
  A centaur (D:7)
  Blork the orc (D:6)
  5 bullfrogs
  8 gnoll sergeants (Bailey)
  2 scorpions (D:5)
  5 killer bees (D:7)
  5 wights (D:8)
  A howler monkey (D:4)
  2 centaur zombies (Ossuary)
  2 quasits (D:5)
  A human zombie (Ossuary)
  3 orc priests
  A bullfrog zombie (D:6)
  2 centaur skeletons
  4 hounds
  4 orc wizards
  7 gnoll shamans
  An iguana (D:5)
  Jessica (D:2)
  2 worker ants
  3 ogre zombies (Ossuary)
  A hound skeleton (D:5)
  7 mummies (Ossuary)
  Robin (D:2)
  8 adders
  25 gnolls
  A shadow imp (D:8)
  5 adder zombies (Ossuary)
  3 worms
  3 dart slugs
  5 leopard geckos
  10 orcs
  10 bats
  4 giant cockroaches
  10 goblins
  9 hobgoblins
  8 jackals
  5 kobolds
  A quokka (D:5)
  2 ball pythons
  5 frilled lizards
  2 giant cockroach zombies (D:5)
  3 goblin zombies (Ossuary)
  A hobgoblin zombie (Ossuary)
  5 kobold zombies (Ossuary)
  A leopard gecko skeleton (D:4)
  6 quokka zombies (Ossuary)
  8 rats
  4 rat zombies (Ossuary)
232 creatures vanquished.

Vanquished Creatures (others)
  2 plants (D:8)
2 creatures vanquished.

Grand Total: 234 creatures vanquished

Notes
Turn   | Place    | Note
-------+----------+-------------------------------------------
     0 | D:1      | nikku the Minotaur Berserker began the quest for the Orb.
     0 | D:1      | Reached XP level 1. HP: 19/19 MP: 0/0
   100 | D:1      | Reached XP level 2. HP: 27/27 MP: 1/1
   909 | D:2      | Reached XP level 3. HP: 30/33 MP: 2/2
   967 | D:2      | Noticed Robin
   983 | D:2      | Killed Robin
   983 | D:2      | Reached ** piety under Trog
  1167 | D:2      | Reached XP level 4. HP: 41/41 MP: 3/3
  1298 | D:2      | Reached skill level 1 in Shields
  1481 | D:2      | Noticed Jessica
  1492 | D:2      | Killed Jessica
  1932 | D:3      | Reached skill level 5 in Axes
  2056 | D:3      | Reached skill level 5 in Fighting
  2624 | D:4      | Found a sand-covered staircase.
  2656 | D:4      | Found an iron altar of Okawaru.
  2660 | D:4      | Reached XP level 5. HP: 48/48 MP: 4/4
  2811 | Ossuary  | Entered an ossuary
  3225 | Ossuary  | Reached *** piety under Trog
  3513 | Ossuary  | Reached XP level 6. HP: 53/56 MP: 5/5
  3992 | D:4      | Found a staircase to the Ecumenical Temple.
  4021 | D:4      | Found an opulent altar of Gozag.
  4588 | D:5      | Entered Level 5 of the Dungeon
  4588 | D:5      | Found Wyxiex's Gadget Emporium.
  4616 | D:5      | Reached XP level 7. HP: 60/64 MP: 6/6
  4707 | D:5      | Got an ancient ring mail
  4718 | D:5      | Identified the cursed +0 ring mail of the Sky {Harm *Drain
                  | rF+ Dex+8} (You found it on level 5 of the Dungeon)
  4898 | D:5      | Found Cityaf's Antique Armour Emporium.
  4908 | D:5      | Noticed Sigmund
  4917 | D:5      | Killed Sigmund
  4925 | D:5      | Reached skill level 5 in Armour
  4930 | D:5      | Reached XP level 8. HP: 44/73 MP: 7/7
  5093 | D:5      | Found a shadowy altar of Dithmenos.
  5152 | D:5      | Bought an ancient buckler for 228 gold pieces
  5162 | D:5      | Identified the +3 buckler "Poromari" {rF++ rC- Int+2} (You
                  | bought it in a shop on level 5 of the Dungeon)
  5263 | D:5      | Noticed Pikel
  5265 | D:5      | Found Umnop's Assorted Antiques.
  5273 | D:5      | Killed Pikel
  5539 | D:6      | You fall into a shaft and drop 2 floors!
  5584 | D:8      | Reached skill level 5 in Shields
  5589 | D:8      | Noticed a two-headed ogre
  5608 | D:8      | Killed a two-headed ogre
  5608 | D:8      | Reached XP level 9. HP: 84/84 MP: 8/8
  5776 | D:8      | Found a flagged portal.
  5792 | Bailey   | Entered a bailey
  5802 | Bailey   | Reached **** piety under Trog
  5844 | Bailey   | Reached skill level 10 in Fighting
  5942 | Bailey   | Reached skill level 10 in Axes
  6510 | D:6      | Noticed Blork the orc
  6518 | D:6      | Killed Blork the orc
  6701 | D:6      | Reached XP level 10. HP: 94/94 MP: 9/9
  8208 | D:8      | Slain by a swamp worm

Illustrated notes

Levels and vault maps discovered:
D:1:      psy_arrival_heroes, layout_basic, chequers_serial_rivers_room_a,
          skrybe_limestone_x
D:2:      layout_basic, uniq_jessica, uniq_robin
D:3:      layout_loops_cross, first_ration
D:4:      layout_basic, okawaru_metal_pillars_1_2, old_standard_altar,
          temple_fountains, nicolae_ossuary_entry_false_entrances,
          minmay_unequal
D:5:      layout_basic, grunt_dithmenos_smoke_and_mirrors, serial_shops,
          nicolae_shop_waterfront, nicolae_shop_waterfront, shop,
          saegor_snake_ambush, uniq_pikel, uniq_sigmund
D:6:      layout_basic, uniq_blork_the_orc
D:7:      layout_gridville, grunt_livestock
D:8:      layout_basic, lemuel_coloured_pillars_altar, lair_entry_dummy,
          enter_bailey_6, worms_lemuel

Skill      XL: |  1  2  3  4  5  6  7  8  9 10 |
---------------+-------------------------------+-----
Fighting       | 4 5 6 7 9 10 11 | 11.4
Axes           | 4 5 6 7 9 10 11 | 11.4
Armour         | 3 4 5 6 7 8 |  8.1
Shields        | 1 2 3 5 6 7 |  7.3
Dodging        | |  2.1

Action                   |  1- 3 |  4- 6 |  7- 9 | 10-12 || total
-------------------------+-------+-------+-------+-------++-------
Melee: Hand axe          |    77 |   233 |       |       ||   310
       Headbutt          |    12 |    46 |    52 |    21 ||   131
       War axe           |       |     4 |   207 |    95 ||   306
Invok: Berserk           |     1 |     1 |     8 |     2 ||    12
       Trog's Hand       |       |     2 |     8 |     4 ||    14
  Use: Scroll            |     2 |    13 |     2 |     5 ||    22
 Stab: Sleeping          |       |     2 |       |       ||     2
  Eat: Chunk             |     2 |     6 |    14 |     6 ||    28
       Ration            |       |     2 |     1 |       ||     3
Armor: Animal skin       |    11 |    11 |       |       ||    22
       Ring mail         |       |     5 |     9 |       ||    14
       Plate armour      |       |       |    97 |    36 ||   133
Dodge: Dodged            |    40 |    36 |    49 |    20 ||   145
Block: Other             |     2 |       |       |       ||     2
       Kite shield       |    24 |   120 |   211 |    73 ||   428
       Reflection        |       |       |     7 |       ||     7
